cohdb
Replays
Latest Replays
All Replays
Popular Replays
Top Player Replays
Match Explorer
How It Works
Community
CoH3 Stats
Reddit
Sign in to upload your games and track your stats! →
Sign in with Steam
Match 20118883
Unlisted
Match 20118883
Overview
Messages
Build Orders
End
Construct Section Command Post
Selects Air and Sea Battlegroup
Infantry Section
Infantry Section
Infantry Section
Vickers Machine Gun Team
Selects Supply Surplus
Construct Field Infirmary
Construct Platoon Command Post
Construct Resource Cache
Construct Company Command Post
6-pounder Anti-tank Gun Team
Matilda II Heavy Tank
Selects Centaur Medium Tank
Matilda II Heavy Tank
Armored Vehicle Training
Infantry Training
Construct Field Infirmary
,,,,,,,,,
dirtycrisis
jackal2150
rojroj MSG ME FOR TEKKEN 8
[EC] Comrade Sniper
BigWillis
[EC] Ouch
[EC] Slip~Slide
0
0
Comments
sign in to comment!
No comments posted yet!